 Dungeon Sprint DCSS version 0.31-a0-920-g28cbb04a8c (webtiles) character file.

Game seed: 8197721270422920066

3734 sircluck the Grappler (level 9, -13/106 HPs)
             Began as a Troll Berserker on Oct 17, 2023.
             Was the Champion of Trog.
             Mangled by a tyrant leech (22 damage)
             ... in the Dungeon (Sprint VII: "The Pits").
             The game lasted 00:02:39 (624 turns).

sircluck the Grappler (Troll Berserker)              Turns: 624, Time: 00:02:39

Health: -13/106    AC:  4    Str: 31    XL:     9   Next: 92%
Magic:  8/8        EV: 14    Int:  3    God:    Trog [******]
Gold:   0          SH:  0    Dex: 12    Spells: 8/8 levels left

rFire   . .          .
                       - Unarmed
rCold   . . .        (no shield)
rNeg    . . .        a - +0 animal skin
rPois   .            (helmet restricted)
rElec   .            (no cloak)
rCorr   .            (gloves unavailable)
SInv    .            (boots unavailable)
Will    .....        (no amulet)
Stlth   +            k - +3 ring of dexterity
HPRegen 1.17/turn    (no ring)
MPRegen 0.11/turn

%: no teleportation
@: lethally poisoned (-13 -> -62)
A: large, unfitting armour, claws 3, regeneration 1, shaggy fur 1, tough skin 1
a: Renounce Religion, Berserk, Trog's Hand, Brothers in Arms


You were in the Dungeon.
You worshipped Trog.
Trog was exalted by your worship.
You visited 1 branch

Inventory:

Armour
 a - a +0 animal skin (worn)
Jewellery
 k - a +3 ring of dexterity (left claw)
 l - a +3 ring of intelligence
Scrolls
 i - 2 scrolls of vulnerability
 j - a scroll of summoning
Potions
 b - 9 potions of curing
 c - 7 potions of heal wounds
 d - 3 potions of haste
 e - 4 potions of magic
 f - 4 potions of berserk rage
 h - 2 potions of invisibility
 m - a potion of might


   Skills:
 + Level 11.8 Fighting
 + Level 11.6 Dodging
 + Level 13.7 Unarmed Combat


You had 8 spell levels left.
You didn't know any spells.
Your spell library was empty.

Dungeon Overview and Level Annotations

Branches:
Dungeon (1/1)

Altars:
Ashenzari
Cheibriados
Dithmenos
Elyvilon
Fedhas
Gozag
Hepliaklqana
Kikubaaqudgha
Makhleb
Nemelex Xobeh
Okawaru
Qazlal
Ru
Sif Muna
Trog
Uskayaw
Vehumet
Wu Jian
Xom
Yredelemnul
Zin
The Shining One
Jiyva
Lugonu


Innate Abilities, Weirdness & Mutations

You are too large for most types of armour.
You have claws for hands.
Your natural rate of healing is unusually fast.
You are covered in fur. (AC +1)
You have tough skin. (AC +1)


Message History

Found the ring "Veiny" {+Blink rPois SInv}.
There is an open door here.
A wraith opens the door.
A wandering mushroom, a redback and a quokka skeleton come into view.
An elephant and a tyrant leech come into view.
The elephant trumpets!
There is an open door here.
The elephant completely misses you. The elephant trunk-slaps you.
You mangle the elephant!!
The elephant is moderately wounded.
The redback bites you!
You mangle the elephant!!
The elephant is severely wounded.
The elephant closely misses you. x2; The redback bites you.
You are poisoned.
The redback poisons you!
You claw the elephant!
The elephant is almost dead.
You feel extremely sick.
The redback bites you but does no damage.
The elephant tramples you!
You hold your ground!
The elephant trunk-slaps you.
You completely miss the elephant.
The elephant is almost dead.
You feel very sick. The redback bites you!
You are lethally poisoned!
The redback poisons you! The tyrant leech bites you!!
* * * LOW HITPOINT WARNING * * *
The tyrant leech draws strength from your injuries!
The elephant tramples you.
* * * LOW HITPOINT WARNING * * *
You hold your ground!
The elephant completely misses you.
The quokka skeleton bites you but does no damage.
The wraith closely misses you.
Unknown command.
* * * LOW HITPOINT WARNING * * *
You feel extremely sick. The redback attacks as it pursues you!
The redback closely misses you. The tyrant leech bites you!!
You die...

####)'###### ..##))#
..##..# ..##..#
..##..#### #+######
..##).#..#####.##..f#
..##..#....##...#YW.#
..##.)'.....#...#s..#...
####..'.....'...@wZ.'...+
####..'.....#...#...#...#
[[##..#....##...#...# ..#
[[##..#..#####.##...# #
))##..#### #'######
))##..# ... ))##..# .....
####### #####


You could see an elephant, a tyrant leech, a wandering mushroom, a wraith, a
redback and a quokka skeleton.

Vanquished Creatures
  A death yak (D)
  A deep elf pyromancer (D)
  A deep elf zephyrmancer (D)
  Prince Ribbit (D)
  A fire bat (D)
  2 floating eyes (D)
  A scorpion (D)
  A bullfrog (D)
  A crimson imp (D)
  A hound (D)
  An iron imp (D)
  An orc wizard (D)
  An ufetubus (D)
  2 worms (D)
  An orc (D)
  A giant cockroach (D)
  3 hobgoblins (D)
  A quokka (D)
  2 frilled lizards (D)
  2 kobolds (D)
26 creatures vanquished.

Vanquished Creatures (collateral kills)
  Josephine (D)
  A troll (D)
  4 wraiths (D)
  2 orcs (D)
8 creatures vanquished.

Vanquished Creatures (others)
  An orc (D)
1 creature vanquished.

Grand Total: 35 creatures vanquished

Notes
Turn   | Place    | Note
-------+----------+-------------------------------------------
     0 | D        | sircluck the Troll Berserker began the quest for the Orb.
     0 | D        | Reached XP level 1. HP: 22/22 MP: 0/0
    54 | D        | Found a bloodstained altar of Trog.
    54 | D        | Found a shimmering blue altar of Sif Muna.
    54 | D        | Found a viscous altar of Jiyva.
    54 | D        | Found a hazy altar of Hepliaklqana.
    54 | D        | Found an opulent altar of Gozag.
    55 | D        | Found a glowing golden altar of the Shining One.
    55 | D        | Found a glowing silver altar of Zin.
    55 | D        | Found a basalt altar of Yredelemnul.
    55 | D        | Found a shimmering altar of Xom.
    55 | D        | Found an ornate altar of the Wu Jian Council.
    55 | D        | Found a sacrificial altar of Ru.
    55 | D        | Found a stormy altar of Qazlal.
    55 | D        | Found an iron altar of Okawaru.
    55 | D        | Found a sparkling altar of Nemelex Xobeh.
    55 | D        | Found a burning altar of Makhleb.
    55 | D        | Found a blossoming altar of Fedhas.
    55 | D        | Found a white marble altar of Elyvilon.
    55 | D        | Found a shadowy altar of Dithmenos.
    55 | D        | Found a snail-covered altar of Cheibriados.
    57 | D        | Found a radiant altar of Vehumet.
    57 | D        | Found a corrupted altar of Lugonu.
    58 | D        | Found a hide-covered altar of Uskayaw.
    58 | D        | Found an ancient bone altar of Kikubaaqudgha.
    58 | D        | Found a broken altar of Ashenzari.
    90 | D        | Reached ** piety under Trog
   103 | D        | Noticed a floating eye
   104 | D        | Noticed a scorpion
   104 | D        | Noticed a bullfrog
   105 | D        | Paralysed by a floating eye for 2 turns
   112 | D        | Paralysed by a floating eye for 3 turns
   117 | D        | Killed a scorpion
   118 | D        | Reached skill level 5 in Unarmed Combat
   118 | D        | Reached XP level 2. HP: 10/33 MP: 1/1
   118 | D        | Reached XP level 3. HP: 12/40 MP: 2/2
   118 | D        | Reached XP level 4. HP: 15/49 MP: 3/3
   118 | D        | Killed a bullfrog
   118 | D        | Reached *** piety under Trog
   119 | D        | Reached skill level 5 in Fighting
   119 | D        | Reached skill level 5 in Dodging
   119 | D        | Reached skill level 6 in Unarmed Combat
   120 | D        | Killed a floating eye
   121 | D        | Reached skill level 7 in Unarmed Combat
   121 | D        | Reached XP level 5. HP: 21/59 MP: 4/4
   220 | D        | Reached **** piety under Trog
   252 | D        | Noticed a fire bat
   262 | D        | Killed a fire bat
   263 | D        | Reached skill level 8 in Unarmed Combat
   263 | D        | Reached XP level 6. HP: 69/71 MP: 5/5
   272 | D        | Noticed a floating eye
   275 | D        | Killed a floating eye
   276 | D        | Reached skill level 9 in Unarmed Combat
   280 | D        | Reached ***** piety under Trog
   283 | D        | Noticed a death yak
   295 | D        | Killed a death yak
   296 | D        | Reached skill level 10 in Unarmed Combat
   296 | D        | Reached XP level 7. HP: 12/83 MP: 6/6
   296 | D        | Reached XP level 8. HP: 14/92 MP: 7/7
   397 | D        | Noticed a deep elf pyromancer
   397 | D        | Noticed a deep elf zephyrmancer
   401 | D        | Noticed Prince Ribbit
   404 | D        | Killed a deep elf pyromancer
   405 | D        | Reached skill level 11 in Unarmed Combat
   406 | D        | Killed a deep elf zephyrmancer
   406 | D        | Reached ****** piety under Trog
   407 | D        | Reached skill level 10 in Fighting
   407 | D        | Reached skill level 10 in Dodging
   407 | D        | Reached skill level 12 in Unarmed Combat
   407 | D        | Reached XP level 9. HP: 102/102 MP: 8/8
   413 | D        | Killed Prince Ribbit
   436 | D        | Found the +8 whip "Snakebite" {venom, curare, rPois}
   518 | D        | Noticed Josephine
   518 | D        | Noticed a troll
   535 | D        | HP: 1/98 [wraith[Josephine] (6)]
   539 | D        | Killed Josephine
   539 | D        | Received a gift from Trog
   540 | D        | Reached skill level 13 in Unarmed Combat
   545 | D        | Killed a troll
   551 | D        | Received a gift from Trog
   617 | D        | Noticed a wandering mushroom
   618 | D        | Noticed an elephant
   618 | D        | Noticed a tyrant leech
   624 | D        | Mangled by a tyrant leech

Illustrated notes

Levels and vault maps discovered:
D:        pitsprint [storerooms_1, entrance_room_1, metal_vault_1, armoury_2,
          mini_pit_1, grid_room_1, main_hall_1, silver_pit, the_coven_1,
          the_vestibule_1, steel_vault_5, golden_pit, hallway_of_sentries,
          crystal_vault_1, iron_vault_1, final_vault]

Skill      XL: |  1  2  3  4  5  6  7  8  9 |
---------------+----------------------------+-----
Fighting       | 4 6 7 9 10 11 | 11.8
Dodging        | 4 6 7 9 10 11 | 11.6
Unarmed Combat | 5 7 8 10 12 13 | 13.7

Action                     |  1- 3 |  4- 6 |  7- 9 || total
---------------------------+-------+-------+-------++-------
  Melee: Unarmed           |    12 |    25 |    42 ||    79
 Invoke: Berserk           |     1 |       |     1 ||     2
         Brothers in Arms  |       |       |     1 ||     1
    Use: Scroll            |       |       |     1 ||     1
         Potion            |       |       |     1 ||     1
 Armour: Animal skin       |     7 |    12 |    45 ||    64
  Dodge: Dodged            |     6 |    13 |    37 ||    56

Table legend: (Time is in decaauts)
 A = Elapsed time spent in this place.
 B = Non-inter-level travel time spent in this place.
 C = Inter-level travel time spent in this place.
 D = Time resting spent in this place.
 E = Time spent auto-exploring this place.
 F = Levels seen in this place.
 G = Mean time per level.
                   A        B        C        D        E       F      G
               +--------+--------+--------+--------+--------+-----+--------+
         Total |    655 |    655 |      0 |     70 |    279 |   1 |  655.0 |
       Dungeon |    655 |    655 |      0 |     70 |    279 |   1 |  655.0 |
               +--------+--------+--------+--------+--------+-----+--------+

Top non-repeatable levels by time:
       D: 655 daAuts
